 Dungeon Crawl Stone Soup version 0.21.0-3-g78d12a8 (console) character file.

299 ahub the Ducker (level 6, -13/32 HPs)
             Began as a Spriggan Monk on Jan 10, 2018.
             Was a Believer of Wu Jian.
             Killed by divine providence
             ... invoked by an orc priest
              (17 damage)
             ... on level 4 of the Dungeon.
             The game lasted 00:07:15 (2459 turns).

ahub the Ducker (Spriggan Monk)                     Turns: 2459, Time: 00:07:16

Health: -13/32     AC:  3    Str:  7    XL:     6   Next: 13%
Magic:  7/7        EV: 23    Int: 12    God:    Wu Jian [**....]
Gold:   42         SH:  0    Dex: 20    Spells: 5/5 levels left

rFire    . . .     SeeInvis +   h - +2 dagger (venom)
rCold    . . .     Gourm    .   (shield restricted)
rNeg     . . .     Faith    .   b - +0 robe
rPois    .         Spirit   .   (helmet restricted)
rElec    .         Reflect  .   l - +0 cloak
rCorr    .         Harm     .   (gloves unavailable)
MR       +....                  (boots unavailable)
Stlth    ++++......             (no amulet)
HPRegen  0.10/turn              (no ring)
MPRegen  0.10/turn              (no ring)

@: very quick
A: very small, unfitting armour, see invisible, herbivore, speed 3, slow
metabolism 2
a: Wall Jump, Renounce Religion


You were on level 4 of the Dungeon.
You worshipped Wu Jian.
Wu Jian was pleased with you.
You were not hungry.

You visited 1 branch of the dungeon, and saw 4 of its levels.

You collected 42 gold pieces.

Inventory:

Hand Weapons
 a - a +0 short sword
 h - a +2 dagger of venom (weapon)
Armour
 b - a +0 robe (worn)
 l - a +0 cloak (worn)
Scrolls
 d - 2 scrolls of identify
Potions
 e - 3 potions of curing
 f - a potion of invisibility {unknown}
 g - a potion of heal wounds {unknown}
 i - 2 potions of agility {unknown}
 j - a potion of might {unknown}
 k - a potion of degeneration {unknown}
Comestibles
 c - 7 rations


   Skills:
 + Level 3.2 Fighting
 + Level 4.2 Short Blades
 * Level 6.9 Dodging
 * Level 6.2 Stealth


You had 5 spell levels left.
You didn't know any spells.

Dungeon Overview and Level Annotations

Branches:
Dungeon (4/15)
 Temple: D:4-7

Altars:
Elyvilon
Okawaru
Wu Jian

Annotations:
D:2 Jessica


Innate Abilities, Weirdness & Mutations

You are very small and have problems with some larger weapons.
You are too small for most types of armour.
You have supernaturally acute eyesight. (SInv)
You are a herbivore.
You cover ground extremely quickly.
You need consume almost no food.


Message History

Found 8 tomahawks.
You repeatedly attack the orc priest from above.
You hit the orc priest but do no damage.
The orc priest is poisoned.
You hit the orc priest but do no damage.
The orc priest invokes the aid of Beogh against you.
Pain shoots through your body!
You spin to attack the orc priest, but your attack speed is too slow for a blow to land.
The hound closely misses you.
You spin and attack the orc priest.
You hit the orc priest but do no damage.
The orc priest is lightly wounded.
You spin and attack the hound.
You hit the hound but do no damage.
The hound is poisoned.
The hound misses you.
The orc priest calls down the wrath of Beogh upon you.
Beogh smites you!
* * * LOW HITPOINT WARNING * * *
The orc priest calls down the wrath of Beogh upon you.
Beogh smites you!
Ouch! That really hurt!
You die...

#. #.# . ##.###.## ยง.
# #.......###...# .
#...........(# ... #
#[......####.###.###...
# #.....o....%....
.....# #
##............... #...#
# ###........h.####..
#...# # .......>.....#
#...### ###.###.#.#..#
..###......
#.......#.#@.#
...........
#.#>.........#
###.##.### #.###.#.#..#
#.# .......#.#..# #.#
#.#..........# #.###
...#.###.....[# #....
.l. #.# #.###.## #####
#.#..#.# #.# #.#
#.#....###.###.#
#........(# #.###.#####
# .######


You could see a hound and an orc priest.

Vanquished Creatures
  The ghost of oplop the Changer, an amateur OpTm (D:3)
  A hound (D:4)
  2 orc wizards (D:3)
  A worker ant (D:3)
  Terence (D:3)
  An adder (D:3)
  A leopard gecko (D:1)
  5 orcs
  2 ball pythons
  2 bats (D:1)
  5 giant cockroaches
  2 goblins
  3 hobgoblins
  2 jackals (D:1)
  8 kobolds
  A quokka (D:3)
  2 frilled lizards (D:1)
  4 rats (D:3)
44 creatures vanquished.

Vanquished Creatures (others)
  A jackal (D:1)
1 creature vanquished.

Grand Total: 45 creatures vanquished

Notes
Turn   | Place    | Note
-------+----------+-------------------------------------------
     0 | D:1      | ahub the Spriggan Monk began the quest for the Orb.
     0 | D:1      | Reached XP level 1. HP: 11/11 MP: 2/2
   407 | D:1      | Reached XP level 2. HP: 16/16 MP: 3/3
   911 | D:1      | Reached skill level 5 in Dodging
  1113 | D:2      | Noticed Jessica
  1132 | D:3      | Reached XP level 3. HP: 9/19 MP: 4/4
  1134 | D:3      | Found an ornate altar of the Wu Jian Council.
  1145 | D:3      | Became a worshipper of the Wu Jian Council
  1145 | D:3      | Reached * piety under Wu Jian
  1145 | D:3      | Reached ** piety under Wu Jian
  1155 | D:3      | Noticed oplop's ghost (amateur OpTm)
  1517 | D:3      | Noticed Terence
  1524 | D:3      | Killed Terence
  1524 | D:3      | Reached XP level 4. HP: 23/23 MP: 5/5
  1575 | D:3      | Killed oplop's ghost
  1575 | D:3      | Reached skill level 5 in Stealth
  1575 | D:3      | Reached XP level 5. HP: 20/28 MP: 6/6
  1771 | D:3      | Found a white marble altar of Elyvilon.
  2231 | D:4      | Reached XP level 6. HP: 32/32 MP: 7/7
  2371 | D:4      | Found an iron altar of Okawaru.
  2459 | D:4      | Killed from afar by an orc priest

Skill      XL: |  1  2  3  4  5 |
---------------+----------------+-----
Dodging        | 5 6 |  6.9
Stealth        | 4 5 6 |  6.2
Fighting       | 3 |  3.2
Short Blades   | 4 |  4.2

Action                   |  1- 3 |  4- 6 || total
-------------------------+-------+-------++-------
Melee: Short sword       |    71 |       ||    71
       Dagger            |     9 |    76 ||    85
Invok: Wall Jump         |     1 |     6 ||     7
       Whirlwind         |     1 |    11 ||    12
       Lunge             |     1 |     7 ||     8
  Use: Scroll            |     1 |     3 ||     4
 Stab: Sleeping          |     9 |     4 ||    13
Armor: Robe              |     4 |     2 ||     6
Dodge: Dodged            |    72 |    37 ||   109
